 Dungeon Crawl Stone Soup version 0.27-a0-277-g024f7ef292 (webtiles) character file.

Game seed: 1729721301984578351

454 gimp the Digger (level 6, -12/53 HPs)
             Began as a Troll Earth Elementalist on Feb 6, 2021.
             Mangled by an ogre
             ... wielding a +0 giant club
              (21 damage)
             ... on level 4 of the Dungeon.
             The game lasted 00:07:01 (3832 turns).

gimp the Digger (Troll Earth Elementalist)          Turns: 3832, Time: 00:07:01

Health: -12/53     AC:  8    Str: 17    XL:     6   Next: 76%
Magic:  5/6        EV:  9    Int: 13    God:
Gold:   132        SH:  0    Dex: 10    Spells: 3/7 levels left

rFire    . . .     SeeInvis +     - Unarmed
rCold    . . .     Faith    .   (no shield)
rNeg     . . .     Spirit   .   c - +0 robe
rPois    .         Reflect  .   (helmet restricted)
rElec    .         Harm     .   q - +1 cloak
rCorr    .         Rampage  .   (gloves unavailable)
Will     .....                  (boots unavailable)
Stlth    +.........             (no amulet)
HPRegen  0.57/turn              d - ring of see invisible
MPRegen  0.10/turn              (no ring)

@: no status effects
A: large, unfitting armour, claws 3, regeneration 1, shaggy fur 1, tough skin 3
a: no special abilities


You were on level 4 of the Dungeon.
You visited 1 branch of the dungeon, and saw 4 of its levels.

You collected 132 gold pieces.

Inventory:

Hand Weapons
 e - a +1 hand axe of flaming
Missiles
 b - 106 stones
Armour
 c - a +0 robe (worn)
 q - a +1 cloak (worn)
Jewellery
 d - a ring of see invisible (left claw)
Wands
 m - a wand of paralysis (4)
Scrolls
 a - a scroll of teleportation {unknown}
 j - a scroll of magic mapping
 n - a scroll of enchant weapon {unknown}
 o - a scroll of remove curse {unknown}
Potions
 f - a potion of might
 g - a potion of brilliance
 h - a potion of attraction {unknown}
 i - 3 potions of curing
 k - 2 potions of flight {unknown}
 l - 2 potions of cancellation {unknown}
 p - 2 potions of berserk rage


   Skills:
 - Level 1.5 Dodging
 - Level 1.0 Stealth
 + Level 3.0 Unarmed Combat
 - Level 1.2 Spellcasting
 * Level 2.8 Conjurations
 - Level 0.6 Transmutations
 * Level 5.1 Earth Magic


You had 3 spell levels left.
You knew the following spells:

 Your Spells              Type           Power        Failure   Level
a - Sandblast             Erth           28%          3%          1
b - Stone Arrow           Conj/Erth      22%          16%         3

Your spell library contained the following spells:

 Spells                   Type           Power        Failure   Level
 Magic Dart               Conj           32%          9%          1
 Passwall                 Tmut/Erth      6%           13%         2
 Blink                    Tloc           N/A          38%         2
 Call Imp                 Summ           0%           38%         2
 Slow                     Hex            0%           38%         2
 Conjure Flame            Conj/Fire      4%           43%         3
 Mephitic Cloud           Conj/Pois/Air  3%           50%         3
 Petrify                  Tmut/Erth      8%           63%         4
 Lee's Rapid Deconstruct  Erth           7%           67%         5


Dungeon Overview and Level Annotations

Branches:
Dungeon (4/15)
 Temple: D:4-7

Altars:
Ashenzari
Elyvilon
Makhleb
Ru
Sif Muna
Xom


Innate Abilities, Weirdness & Mutations

You are too large for most types of armour.
You have claws for hands.
Your natural rate of healing is unusually fast.
You are covered in fur. (AC +1)
You have extremely tough skin. (AC +3)


Message History

You scratch Menkaure.
Menkaure is moderately damaged.
The ogre hits you with a +0 giant club!!
You take 22 damage, and have 31/53 hp.
MASSIVE DAMAGE!!
The helpless Menkaure fails to defend himself.
You claw Menkaure!
Menkaure is almost destroyed.
The ogre hits you with a +0 giant club!!
* * * LOW HITPOINT WARNING * * *
You take 23 damage, and have 8/53 hp.
MASSIVE DAMAGE!!
You see here a scroll of magic mapping.
Casting: Sandblast (safe; 3% risk of failure)
Confirm with . or Enter, or press ? or * to list all spells.
Aiming: Sandblast (safe; 3% risk of failure)
Press: ? - help, Shift-Dir - straight line, f/p - Menkaure
Aim: Menkaure (almost destroyed, paralysed, 0% to evade)
The blast of sand hits Menkaure.
You destroy Menkaure!
The ogre hits you with a +0 giant club!!
You die...

### #..
##.## #...
#..# #.O#
#.@#.# ## #
#..#.# . .
#..#.#.#.##
#..#.#.#...#
#..#.....#..
#..#.#.#....
.....
#........#
.....
##.......#
.....
###.....# #
#....


You could see an ogre.

Vanquished Creatures
  Menkaure (D:4)
  An ogre (D:4)
  A crimson imp (D:4)
  An orc priest (D:3)
  Crazy Yiuf (D:3)
  2 hounds (D:4)
  Terence (D:3)
  A hound skeleton (D:3)
  8 adders
  A howler monkey skeleton (D:4)
  An ooze (D:1)
  An adder skeleton (D:4)
  2 worms (D:2)
  3 dart slugs
  4 leopard geckos
  9 orcs
  2 giant cockroaches
  8 goblins
  7 hobgoblins
  A quokka (D:4)
  11 bats
  4 frilled lizards
  6 kobolds
  5 rats
82 creatures vanquished.

Notes
Turn   | Place    | Note
-------+----------+-------------------------------------------
     0 | D:1      | gimp the Troll Earth Elementalist began the quest for the
                  | Orb.
     0 | D:1      | Reached XP level 1. HP: 16/16 MP: 1/1
   165 | D:1      | Reached skill level 3 in Earth Magic
   189 | D:1      | Reached XP level 2. HP: 19/24 MP: 0/2
   268 | D:1      | Reached skill level 1 in Unarmed Combat
   754 | D:2      | Reached XP level 3. HP: 29/31 MP: 0/3
   796 | D:2      | Learned a level 3 spell: Stone Arrow
   957 | D:2      | Found a sacrificial altar of Ru.
  1503 | D:2      | Found a broken altar of Ashenzari.
  1598 | D:2      | Reached XP level 4. HP: 39/39 MP: 1/4
  1722 | D:2      | Found a shimmering blue altar of Sif Muna.
  2132 | D:3      | Reached skill level 1 in Conjurations
  2228 | D:3      | Reached skill level 4 in Earth Magic
  2308 | D:3      | Noticed Terence
  2364 | D:3      | Killed Terence
  2365 | D:3      | Reached XP level 5. HP: 45/45 MP: 5/5
  2660 | D:3      | Found a runed translucent door.
  2661 | D:3      | Noticed Crazy Yiuf
  2675 | D:3      | Killed Crazy Yiuf
  3435 | D:4      | Reached XP level 6. HP: 50/53 MP: 6/6
  3726 | D:4      | Found a white marble altar of Elyvilon.
  3773 | D:4      | Reached skill level 5 in Earth Magic
  3781 | D:4      | Found a burning altar of Makhleb.
  3781 | D:4      | Found a shimmering altar of Xom.
  3823 | D:4      | Noticed Menkaure
  3832 | D:4      | Killed Menkaure
  3832 | D:4      | Mangled by an ogre

Illustrated notes

Levels and vault maps discovered:
D:1:      dpeg_arrival_central, layout_basic
D:2:      layout_loops_corners, nicolae_ru_sacrificial_ziggurat,
          ashenzari_altar_1, led_sif_pool
D:3:      mumra_celtic_spiral_tile, layout_basic, uniq_crazy_yiuf_cottage,
          uniq_terence
D:4:      layout_basic, grunt_temple_overflow_champion_of_chaos,
          old_standard_altar, uniq_menkaure, uniq_sigmund

Skill      XL: |  1  2  3  4  5  6 |
---------------+-------------------+-----
Earth Magic    | 3 4 5 |  5.1
Unarmed Combat | 1 2 3 |  3.0
Conjurations   | 1 2 |  2.8
Dodging        | |  1.5
Stealth        | |  1.0
Spellcasting   | |  1.2
Transmutations | |  0.6

Action                   |  1- 3 |  4- 6 || total
-------------------------+-------+-------++-------
Melee: Unarmed           |    67 |    90 ||   157
 Cast: Sandblast         |    30 |    64 ||    94
Evoke: Wand              |       |     2 ||     2
  Use: Scroll            |       |     5 ||     5
       Potion            |       |     2 ||     2
 Stab: Paralysed         |       |     2 ||     2
Armor: Robe              |    26 |    34 ||    60
       Skin              |       |    10 ||    10
Dodge: Dodged            |    33 |    46 ||    79

Table legend: (Time is in decaauts)
 A = Elapsed time spent in this place.
 B = Non-inter-level travel time spent in this place.
 C = Inter-level travel time spent in this place.
 D = Time resting spent in this place.
 E = Time spent auto-exploring this place.
 F = Levels seen in this place.
 G = Mean time per level.
                   A        B        C        D        E       F      G
               +--------+--------+--------+--------+--------+-----+--------+
         Total |   3817 |   3710 |    107 |     43 |   3060 |   4 |  954.2 |
       Dungeon |   3817 |   3710 |    107 |     43 |   3060 |   4 |  954.2 |
               +--------+--------+--------+--------+--------+-----+--------+

Top non-repeatable levels by time:
     D:3: 1464 daAuts
     D:2: 1226 daAuts
     D:1: 723 daAuts
     D:4: 403 daAuts
